 Dungeon Crawl Stone Soup version 0.29-a0-360-g8ed1089bbe (webtiles) character file.

Game seed: 2689442249087056791

1470 domi the Destroyer (level 8, -1/52 HPs)
             Began as a Demonspawn Hedge Wizard on Apr 28, 2022.
             Was an Initiate of Gozag.
             Slain by a steam dragon (11 damage)
             ... on level 6 of the Dungeon.
             The game lasted 00:16:31 (9403 turns).

domi the Destroyer (Demonspawn Hedge Wizard)        Turns: 9403, Time: 00:16:31

Health: -1/52      AC:  2    Str: 10    XL:     8   Next: 49%
Magic:  13/15      EV: 12    Int: 23    God:    Gozag
Gold:   285        SH:  0    Dex: 14    Spells: 3/17 levels left

rFire   . . .      SeeInvis .   v - +1 whip (elec)
rCold   . . .      Faith    .   (no shield)
rNeg    . . .      Spirit   .   b - +0 robe
rPois   +          Reflect  .   c - +0 hat
rElec   .          Harm     .   (no cloak)
rCorr   .          Rampage  .   (no gloves)
Will    .....                   (no boots)
Stlth   ++........              (no amulet)
HPRegen 0.17/turn               E - +6 ring of intelligence
MPRegen 0.28/turn               w - ring of poison resistance {rPois}

@: no status effects
A: antennae 2, hooves 2, magic regeneration, demonic touch 1, no potion heal 1
a: Renounce Religion, Potion Petition, Call Merchant, Bribe Branch


You were on level 6 of the Dungeon.
You worshipped Gozag.
Gozag was aware of your devotion.
You visited 2 branches of the dungeon, and saw 7 of its levels.

You collected 377 gold pieces.
You paid 92 gold pieces to Gozag.

Inventory:

Hand Weapons
 a - a +0 dagger
 v - a +1 whip of electrocution (weapon)
   (You took it off a gnoll on level 3 of the Dungeon)
Armour
 b - a +0 robe (worn)
 c - a +0 hat (worn)
 r - a +0 helmet
   (You found it on level 2 of the Dungeon)
 y - a +0 pair of boots
   (You found it on level 5 of the Dungeon)
 D - a +0 pair of gloves
   (You found it on level 5 of the Dungeon)
 H - a +2 hat
   (You found it on level 6 of the Dungeon)
Jewellery
 i - a +6 ring of strength
   (You found it on level 1 of the Dungeon)
 w - a ring of poison resistance (right hand) {rPois}
   (You took it off a gnoll on level 3 of the Dungeon)
 E - a +6 ring of intelligence (left hand)
   (You found it on level 5 of the Dungeon)
Scrolls
 f - 7 scrolls of identify {unknown}
 j - a scroll of immolation {unknown}
 k - 3 scrolls of teleportation {unknown}
 l - 2 scrolls of fear {unknown}
 n - 3 scrolls of enchant weapon {unknown}
 o - 2 scrolls of magic mapping {unknown}
 p - a scroll of vulnerability {unknown}
 q - 3 scrolls of blinking {unknown}
 s - a scroll of acquirement {unknown}
 u - 2 scrolls of enchant armour {unknown}
 x - 2 scrolls of fog {unknown}
 F - a scroll of brand weapon {unknown}
Potions
 d - a potion of magic
 e - 3 potions of heal wounds {unknown}
 g - 2 potions of attraction {unknown}
 h - 3 potions of mutation {!q!q}
 m - 2 potions of cancellation {unknown}
 t - 4 potions of curing {unknown}
 z - a potion of degeneration {unknown}
 A - a potion of lignification {unknown}
 B - a potion of berserk rage {unknown}
 C - a potion of flight {unknown}
 G - a potion of resistance {unknown}


   Skills:
 - Level 1.7 Dodging
 - Level 1.7 Stealth
 - Level 5.0 Spellcasting
 * Level 8.3 Conjurations
 - Level 1.0 Summonings
 - Level 0.8 Translocations
 * Level 4.3 Fire Magic


You had 3 spell levels left.
You knew the following spells:

 Your Spells              Type           Power      Damage    Failure   Level
b - Blink                 Tloc           18%        N/A       10%         2
c - Mephitic Cloud        Conj/Pois/Air  18%        N/A       9%          3
v - Fireball              Conj/Fire      17%        3d9       21%         5
x - Call Imp              Summ           10%        N/A       10%         2
y - Shock                 Conj/Air       96%        1d9       1%          1
z - Magic Dart            Conj           100%       1d8       1%          1

Your spell library contained the following spells:

 Spells                   Type           Power      Damage    Failure   Level
 Static Discharge         Conj/Air       24%        N/A       2%          2
 Conjure Flame            Conj/Fire      34%        6-21      2%          3
 Slow                     Hex            20%        N/A       10%         1
 Lesser Beckoning         Tloc           9%         N/A       21%         3
 Sticky Flame             Conj/Fire      34%        2d5       7%          4
 Dispel Undead            Necr           5%         3d7       67%         4
 Starburst                Conj/Fire      17%        6d6       73%         6
 Manifold Assault         Tloc           9%         N/A       88%         5
 Storm Form               Tmut/Air       2%         N/A       100%        7
 Ignition                 Fire           12%        3d6       100%        8
 Maxwell's Capacitive Co  Air            2%         ∞         100%        8


Dungeon Overview and Level Annotations

Branches:
Dungeon (6/15)             Temple (1/1) D:6

Altars:
Cheibriados
Dithmenos
Elyvilon
Fedhas
Gozag
Makhleb
Okawaru
Trog
Vehumet
Wu Jian
Zin
The Shining One


Innate Abilities, Weirdness & Mutations

You have a pair of antennae on your head.
You have hoof-like feet.
You regenerate magic rapidly.
Your touch may inflict minor irresistible damage on your foes.
Potions are less effective at restoring your health.


Message History

A jelly comes into view.
The jelly quivers.
A jelly is nearby!
A jelly is nearby!
A jelly is nearby!
A jelly is nearby!
Okay, then.
Aim: a jelly (100% to hit)
The magic dart hits the jelly.
You now have 14/15 mp.
Things that are here:
a +0 battleaxe; 19 stones; a +0 robe
Okay, then.
MP restored: 15
Okay, then.
The jelly attacks as you move away! The jelly closely misses you.
The zap hits the jelly! x2
You kill the jelly!
You now have 14/15 mp.
You now have 256 gold pieces (gained 9).
You sense a monster nearby.
MP restored: 15 A wight comes into view.
It is wielding a +0 dagger.
A wight is nearby!
A wight is nearby!
A wight is nearby!
The zap hits the wight.
The zap hits the wight!
You now have 14/15 mp.
Okay, then.
MP restored: 15 The zap hits the wight.
You destroy the wight!
You now have 14/15 mp.
You start resting.
MP restored: 15 You now have 265 gold pieces (gained 9).
Things that are here:
a +0 dagger; a +0 robe
Things that are here:
a +0 battleaxe; 19 stones; a +0 robe
f - 7 scrolls labelled FAOMEH BATHRUIMN (gained 1)
There is a stone staircase leading up, spattered with blood here.
Things that are here:
a +0 robe; a +3 long sword You now have 270 gold pieces (gained 5).
Things that are here:
a +0 robe; a +2 flail You now have 279 gold pieces (gained 9).
Things that are here:
a +0 robe; a +0 dagger You now have 285 gold pieces (gained 6).
Things that are here:
a +0 robe; a +0 dagger
x - 2 scrolls labelled FILIVI WOYNY (gained 1)
Things that are here:
a +0 robe; a +0 dagger
Found a stone staircase leading down.
There is a stone staircase leading down here.
A steam dragon comes into view.
A steam dragon is nearby!
A steam dragon is nearby!
Aim: a steam dragon (asleep, 100% to hit)
The magic dart hits the steam dragon.
The steam dragon hisses angrily.
You now have 14/15 mp.
Aim: a steam dragon (lightly wounded, 100% to hit)
The magic dart hits the steam dragon.
You now have 13/15 mp.
Aim: a steam dragon (moderately wounded, 100% to hit)
The magic dart hits the steam dragon.
Aim: a steam dragon (moderately wounded, 74% to hit)
Okay, then.
The steam dragon breathes steam at you. The ball of steam hits you!!
You take 18 damage, and have 34/52 hp.
MASSIVE DAMAGE!!
Unknown command.
You start resting.
A steam dragon is nearby!
Okay, then.
Aim: a steam dragon (moderately wounded, 100% to hit)
The magic dart hits the steam dragon.
The zap misses the steam dragon. x2; The steam dragon bites you!
The steam dragon claws you.
You take 13 damage, and have 22/52 hp.
MASSIVE DAMAGE!!
You now have 13/15 mp.
The zap hits the steam dragon. x2; The steam dragon bites you!
* * * LOW HITPOINT WARNING * * *
The steam dragon claws you.
* * * LOW HITPOINT WARNING * * *
You take 12 damage, and have 10/52 hp.
MASSIVE DAMAGE!!
You now have 12/15 mp.
It was a potion of mutation.
You feel extremely strange.
Your system partially rejects the healing effects of potions.
Your feet thicken and deform.
The steam dragon bites you!
You die...
Your body crumbles into a pile of gold.

##### (...# .##.#
.##.##################
.#.#...........>.D...#
.##...........##@##§.#
.##...........##.##§.#
.##.[###########.##.§#
..<[.# #.##..# .....#
#..#D.# .#..## ##.#..#
.#..# .#..# .#..##
.#..# .#...# ...#


You could see a steam dragon.

Vanquished Creatures
  A black bear (D:4)
  A centaur (D:4)
  An ogre (D:5)
  A phantom (D:5)
  A kobold brigand (D:4)
  A bullfrog (D:6)
  2 scorpions
  5 wights (D:6)
  2 jellies
  5 hounds
  An orc priest (D:5)
  An iguana (D:4)
  An orc wizard (D:4)
  Robin (D:4)
  7 gnolls
  12 adders
  2 shadow imps
  2 worms (D:2)
  4 dart slugs
  15 orcs
  9 ball pythons
  6 endoplasms
  3 giant cockroaches
  10 goblins
  5 hobgoblins
  14 jackals
  8 kobolds
  A quokka (D:2)
  8 bats
  5 frilled lizards
  9 rats
144 creatures vanquished.

Notes
Turn   | Place    | Note
-------+----------+-------------------------------------------
     0 | D:1      | domi the Demonspawn Hedge Wizard began the quest for the
                  | Orb.
     0 | D:1      | Reached XP level 1. HP: 13/13 MP: 4/4
   237 | D:1      | Reached skill level 2 in Conjurations
   307 | D:1      | Discovered your monstrous ancestry.
   307 | D:1      | Gained mutation: Your touch may inflict minor irresistible
                  | damage on your foes. [demonic ancestry]
   307 | D:1      | Reached XP level 2. HP: 13/19 MP: 1/6
   834 | D:1      | Reached skill level 3 in Conjurations
   908 | D:1      | Reached XP level 3. HP: 24/24 MP: 4/7
   911 | D:1      | Learned a level 2 spell: Call Imp
   914 | D:1      | Learned a level 2 spell: Blink
   918 | D:1      | Learned a level 3 spell: Mephitic Cloud
  1921 | D:2      | HP: 3/24 [worm (10)]
  2426 | D:2      | Reached skill level 4 in Conjurations
  2426 | D:2      | Reached XP level 4. HP: 29/30 MP: 0/8
  3850 | D:3      | Gained mutation: You have a pair of small antennae on your
                  | head. [demonic ancestry]
  3850 | D:3      | Reached XP level 5. HP: 35/35 MP: 4/9
  4314 | D:3      | Reached skill level 5 in Conjurations
  4793 | D:3      | Found a faded altar of an unknown god.
  5854 | D:4      | Noticed a centaur
  5861 | D:4      | Killed a centaur
  5862 | D:4      | Reached skill level 6 in Conjurations
  5862 | D:4      | Gained mutation: You regenerate magic rapidly. [demonic
                  | ancestry]
  5862 | D:4      | Reached XP level 6. HP: 20/41 MP: 1/11
  6405 | D:4      | Noticed Robin
  6423 | D:4      | Killed Robin
  6606 | D:4      | Reached skill level 4 in Spellcasting
  6794 | D:4      | Learned a level 5 spell: Fireball
  6813 | D:4      | Gained mutation: You have large cloven feet. [demonic
                  | ancestry]
  6813 | D:4      | Reached XP level 7. HP: 40/46 MP: 4/13
  7087 | D:4      | Reached skill level 1 in Fire Magic
  7242 | D:5      | Entered Level 5 of the Dungeon
  7444 | D:5      | Reached skill level 7 in Conjurations
  7474 | D:5      | Reached skill level 2 in Fire Magic
  7539 | D:5      | Got the Handbook of Air
  7945 | D:5      | Learned a level 1 spell: Shock
  8149 | D:5      | Reached skill level 3 in Fire Magic
  8149 | D:5      | Gained mutation: You have a pair of antennae on your head.
                  | [demonic ancestry]
  8149 | D:5      | Reached XP level 8. HP: 49/52 MP: 10/14
  8253 | D:5      | Found a shadowy altar of Dithmenos.
  8744 | D:6      | Found a staircase to the Ecumenical Temple.
  8756 | Temple   | Entered the Ecumenical Temple
  8765 | Temple   | Became a worshipper of Gozag Ym Sagoz the Greedy
  9022 | D:6      | Reached skill level 8 in Conjurations
  9117 | D:6      | Reached skill level 5 in Spellcasting
  9216 | D:6      | Reached skill level 4 in Fire Magic
  9249 | D:6      | Found an ornate altar of the Wu Jian Council.
  9402 | D:6      | HP: 10/52 [steam dragon (4)]
  9403 | D:6      | Gained mutation: Potions are less effective at restoring
                  | your health. [potion of mutation]
  9403 | D:6      | Gained mutation: You have hoof-like feet. [potion of
                  | mutation]
  9403 | D:6      | Slain by a steam dragon

Illustrated notes

Levels and vault maps discovered:
D:1:      wander_arrival_lonely_grave, layout_basic
D:2:      layout_loops_ring
D:3:      layout_basic, hellmonk_ecumenical_altar_arch_garden
D:4:      layout_loops_ring, hangedman_decor_lopped, st_stairs_2,
          kennysheep_generic_room_8, uniq_robin
D:5:      layout_loops_ring, zin_scriptorium, nicolae_overflow_crystal_walls,
          minmay_misc_feat_doors, dreamdust_princess_bridge, minmay_puff
D:6:      layout_loops_ring, lemuel_round_altar, minmay_temple_entry_waves
Temple:   lightli_temple_of_artemis

Skill      XL: |  1  2  3  4  5  6  7  8 |
---------------+-------------------------+-----
Conjurations   | 2 3 4 6 7 8 |  8.3
Spellcasting   | 4 5 |  5.0
Fire Magic     | 3 4 |  4.3
Dodging        | |  1.7
Stealth        | |  1.7
Summonings     | |  1.0
Translocations | |  0.8

Action                   |  1- 3 |  4- 6 |  7- 9 || total
-------------------------+-------+-------+-------++-------
Melee: Dagger            |    25 |     8 |       ||    33
       Touch             |     3 |     8 |     5 ||    16
       Whip              |       |    27 |    22 ||    49
       Kick              |       |       |     6 ||     6
 Cast: Magic Dart        |   100 |   185 |   109 ||   394
       Mephitic Cloud    |       |     5 |     1 ||     6
       Call Imp          |       |     2 |     1 ||     3
       Shock             |       |       |    30 ||    30
  Use: Potion            |       |       |     1 ||     1
 Stab: Confused          |       |     2 |       ||     2
Armor: Robe              |     5 |     6 |     4 ||    15
Dodge: Dodged            |    35 |    39 |    33 ||   107

Table legend: (Time is in decaauts)
 A = Elapsed time spent in this place.
 B = Non-inter-level travel time spent in this place.
 C = Inter-level travel time spent in this place.
 D = Time resting spent in this place.
 E = Time spent auto-exploring this place.
 F = Levels seen in this place.
 G = Mean time per level.
                   A        B        C        D        E       F      G
               +--------+--------+--------+--------+--------+-----+--------+
         Total |   9421 |   8772 |    649 |   2982 |   4667 |   7 | 1345.9 |
       Dungeon |   9403 |   8754 |    649 |   2982 |   4667 |   6 | 1567.2 |
        Temple |     17 |     17 |      0 |      0 |      0 |   1 |   17.0 |
               +--------+--------+--------+--------+--------+-----+--------+

Top non-repeatable levels by time:
     D:1: 2385 daAuts
     D:3: 1869 daAuts
     D:2: 1735 daAuts
     D:5: 1440 daAuts
     D:4: 1374 daAuts
     D:6: 598 daAuts
  Temple: 17 daAuts

Table legend:
 A = Kills in this place as a percentage of kills in entire the game.
 B = Kills by you in this place as a percentage of kills by you in the entire game.
 C = Kills by friends in this place as a percentage of kills by friends in the entire game.
 D = Other kills in this place as a percentage of other kills in the entire game.
 E = Experience gained in this place as a percentage of experience gained in the entire game.
 F = Experience gained in this place divided by the number of levels of this place that you have seen.
                   A       B       C       D       E      F
               +-------+-------+-------+-------+-------+----------------------
         Total | 100.0 | 100.0 |   N/A | 100.0 | 100.0 | 300.0
       Dungeon | 100.0 | 100.0 |   N/A | 100.0 | 100.0 | 350.0
               +-------+-------+-------+-------+-------+----------------------
